 Dungeon Crawl Stone Soup version 0.29.0-4-gdea44cf6ec (webtiles) character file.

Game seed: 15132413519582407948

46 qw the Caller (level 3, 0/29 HPs)
             Began as a Ghoul Summoner on Sept 10, 2022.
             Slain by a ball python (1 damage)
             ... on level 2 of the Dungeon.
             The game lasted 00:00:39 (1735 turns).

qw the Caller (Ghoul Summoner)                      Turns: 1735, Time: 00:00:40

Health: 0/29       AC:  3    Str: 13    XL:     3   Next: 66%
Magic:  3/4        EV:  8    Int: 10    God:
Gold:   35         SH:  0    Dex:  9    Spells: 4/5 levels left

rFire   . . .      SeeInvis .   Y - +0 hand axe
rCold   + . .      Faith    .   (no shield)
rNeg    + + +      Spirit   .   d - +0 leather armour
rPois   inf        Reflect  .   (no helmet)
rElec   .          Harm     .   (no cloak)
rCorr   .          Rampage  .   (no gloves)
Will    .....                   (no boots)
Stlth   +.........              (no amulet)
HPRegen 0.00/turn               (no ring)
MPRegen 0.09/turn               (no ring)

@: inhibited regen, constricted
A: claws 1, cold resistance 1, negative energy resistance 3, inhibited
regeneration, torment resistance 2, devour on kill
a: no special abilities


You were on level 2 of the Dungeon.
You visited 1 branch of the dungeon, and saw 2 of its levels.

You collected 35 gold pieces.


Innate Abilities, Weirdness & Mutations

You are immune to poison.
You have sharp fingernails.
Your flesh is cold resistant. (rC+)
You are immune to negative energy. (rN+++)
You do not regenerate when monsters are visible.
You are immune to unholy pain and torment.
You thrive by killing the living.


   Skills:
 - Level 2.1 Fighting
 + Level 2.0 Axes
 - Level 1.7 Dodging
 - Level 2.1 Stealth
 - Level 1.7 Spellcasting
 - Level 3.6 Summonings


You had 4 spell levels left.
You knew the following spells:

 Your Spells              Type           Power      Damage    Failure   Level
a - Summon Small Mammal   Summ           32%        N/A       10%         1

Your spell library contained the following spells:

 Spells                   Type           Power      Damage    Failure   Level
 Call Imp                 Summ           8%         N/A       14%         2
 Call Canine Familiar     Summ           8%         N/A       28%         3
 Summon Guardian Golem    Hex/Summ       4%         N/A       52%         3
 Summon Lightning Spire   Summ/Air       4%         N/A       89%         4

Inventory:

Hand Weapons
 j - a +0 club
 Y - a +0 hand axe (weapon)
Missiles
 g - 6 boomerangs (quivered)
Armour
 d - a +0 leather armour (worn)
Scrolls
 b - 3 scrolls of teleportation {unknown}
Potions
 a - a potion of mutation {unknown}
 e - a potion of haste {unknown}
 k - 2 potions of curing

Dungeon Overview and Level Annotations

Branches:
Dungeon (2/15)

Altars:


Message History

You slash the adder!
The adder is severely wounded.
The adder barely misses you.
Your rat misses the adder. You barely miss the adder.
The adder is severely wounded.
You hit the ball python but do no damage.
The adder closely misses you. The ball python barely misses you.
The ball python grabs you. The ball python constricts you.
Your rat misses the adder. The adder closely misses you.
The ball python barely misses you. The ball python constricts you.
Your magical contamination has completely faded away.
You hit the ball python.
The ball python is moderately wounded.
You hit the adder.
Your rat barely misses the adder.
The adder closely misses you.
The ball python bites you but does no damage.
The ball python constricts you.
Your rat closely misses the adder.
You closely miss the ball python.
The ball python is moderately wounded.
You hit the adder but do no damage. The adder bites you but does no damage.
The ball python barely misses you. The ball python constricts you.
The adder bites you but does no damage.
Your rat misses the adder. The ball python barely misses you.
The ball python constricts you.
You barely miss the ball python. You closely miss the adder.
The adder bites you.
Your rat completely misses the adder.
The ball python bites you but does no damage.
The ball python constricts you. The adder bites you but does no damage.
You closely miss the ball python. You hit the adder.
The ball python closely misses you. The ball python constricts you.
The adder bites you.
Your rat barely misses the adder.
You barely miss the ball python. You miss the adder.
The ball python misses you. The ball python constricts you.
The adder bites you.
Your rat bites the adder.
The adder dies!
The ball python barely misses you. The ball python constricts you.
Your Fighting skill increases to level 2!
You barely miss the ball python. The ball python bites you.
You die...

#... ... .... ...... .#
... ...... .. .. ..
...... .###.# #.##
#...... ##.#..[
#>.##....... ####......
#.?......$ #......#
#####..#S.#
......####..<...@r##
........................
..............>.###....#
............##......####
.%<.......).##......
............##?.....#
##..........#########
#..........#
############


You could see a ball python (ally target) and a friendly rat (summoned).

Vanquished Creatures
  A worm (D:2)
  A dart slug (D:1)
  4 ball pythons
  3 bats (D:1)
  3 endoplasms (D:1)
  A goblin (D:1)
  3 hobgoblins
  A quokka (D:2)
  A frilled lizard (D:1)
  A kobold (D:1)
  A rat (D:1)
20 creatures vanquished.

Vanquished Creatures (collateral kills)
  An adder (D:2)
  An endoplasm (D:1)
  2 goblins (D:1)
  3 bats (D:1)
  2 frilled lizards (D:1)
9 creatures vanquished.

Vanquished Creatures (others)
  A demonic plant (D:1)
1 creature vanquished.

Grand Total: 30 creatures vanquished

Notes
Turn   | Place    | Note
-------+----------+-------------------------------------------
     0 | D:1      | qw the Ghoul Summoner began the quest for the Orb.
     0 | D:1      | Reached XP level 1. HP: 14/14 MP: 2/2
     0 | D:1      | 0 ||| qw: Version: 0.1-a-116-g5d60599
     0 | D:1      | 0 ||| qw: Game counter: 7483
     0 | D:1      | 0 ||| qw: Always use a shield: true
     0 | D:1      | 0 ||| qw: God list: Okawaru
     0 | D:1      | 0 ||| qw: Allow faded altars: false
     0 | D:1      | 0 ||| qw: Do Orc after D:15 true
     0 | D:1      | 0 ||| qw: Do second Lair branch before Depths: true
     0 | D:1      | 0 ||| qw: Lair rune preference: random
     0 | D:1      | 0 ||| qw: Plans: Normal
     0 | D:1      | 0 ||| PLANNING D:1-11
    12 | D:1      | 12 ||| CASTING Summon Small Mammal
    13 | D:1      | 13 ||| CASTING Summon Small Mammal
    58 | D:1      | 58 ||| Wielding weapon +0 rapier.
    67 | D:1      | 67 ||| CASTING Summon Small Mammal
    68 | D:1      | 68 ||| CASTING Summon Small Mammal
    96 | D:1      | 96 ||| CASTING Summon Small Mammal
    97 | D:1      | 97 ||| CASTING Summon Small Mammal
   153 | D:1      | 153 ||| CASTING Summon Small Mammal
   154 | D:1      | 154 ||| CASTING Summon Small Mammal
   158 | D:1      | Reached skill level 1 in Axes
   180 | D:1      | 180 ||| CASTING Summon Small Mammal
   181 | D:1      | 181 ||| CASTING Summon Small Mammal
   221 | D:1      | Found a faded altar of an unknown god.
   262 | D:1      | 262 ||| CASTING Summon Small Mammal
   263 | D:1      | 263 ||| CASTING Summon Small Mammal
   272 | D:1      | Reached XP level 2. HP: 21/22 MP: 0/3
   273 | D:1      | Reached skill level 1 in Fighting
   356 | D:1      | 356 ||| CASTING Summon Small Mammal
   357 | D:1      | 357 ||| CASTING Summon Small Mammal
   358 | D:1      | 358 ||| CASTING Summon Small Mammal
   413 | D:1      | 413 ||| CASTING Summon Small Mammal
   414 | D:1      | 414 ||| CASTING Summon Small Mammal
   415 | D:1      | 415 ||| CASTING Summon Small Mammal
   453 | D:1      | 453 ||| CASTING Summon Small Mammal
   454 | D:1      | 454 ||| CASTING Summon Small Mammal
   455 | D:1      | 455 ||| CASTING Summon Small Mammal
   465 | D:1      | 465 ||| CASTING Summon Small Mammal
   636 | D:1      | 636 ||| CASTING Summon Small Mammal
   637 | D:1      | 637 ||| CASTING Summon Small Mammal
   638 | D:1      | 638 ||| CASTING Summon Small Mammal
   681 | D:1      | 681 ||| CASTING Summon Small Mammal
   682 | D:1      | 682 ||| CASTING Summon Small Mammal
   683 | D:1      | 683 ||| Stepping ~*~*~tactically~*~*~ (stealth).
   685 | D:1      | 685 ||| CASTING Summon Small Mammal
   693 | D:1      | 693 ||| CASTING Summon Small Mammal
   802 | D:1      | 802 ||| CASTING Summon Small Mammal
   803 | D:1      | 803 ||| CASTING Summon Small Mammal
   804 | D:1      | 804 ||| CASTING Summon Small Mammal
   848 | D:1      | 848 ||| CASTING Summon Small Mammal
   849 | D:1      | 849 ||| CASTING Summon Small Mammal
   850 | D:1      | 850 ||| CASTING Summon Small Mammal
   859 | D:1      | 859 ||| CASTING Summon Small Mammal
   913 | D:1      | 913 ||| CASTING Summon Small Mammal
   914 | D:1      | 914 ||| CASTING Summon Small Mammal
   915 | D:1      | 915 ||| CASTING Summon Small Mammal
  1010 | D:1      | 1010 ||| CASTING Summon Small Mammal
  1011 | D:1      | 1011 ||| Stepping ~*~*~tactically~*~*~ (stealth).
  1012 | D:1      | 1012 ||| CASTING Summon Small Mammal
  1013 | D:1      | 1013 ||| CASTING Summon Small Mammal
  1029 | D:1      | 1029 ||| CASTING Summon Small Mammal
  1101 | D:1      | 1101 ||| SWAPPING to +0 hand axe.
  1102 | D:1      | 1102 ||| DROPPING +0 rapier.
  1125 | D:1      | 1125 ||| CASTING Summon Small Mammal
  1126 | D:1      | 1126 ||| CASTING Summon Small Mammal
  1127 | D:1      | 1127 ||| CASTING Summon Small Mammal
  1138 | D:1      | 1138 ||| CASTING Summon Small Mammal
  1140 | D:1      | Reached XP level 3. HP: 28/28 MP: 0/4
  1308 | D:1      | 1308 ||| CASTING Summon Small Mammal
  1309 | D:1      | 1309 ||| CASTING Summon Small Mammal
  1310 | D:1      | 1310 ||| CASTING Summon Small Mammal
  1311 | D:1      | 1311 ||| CASTING Summon Small Mammal
  1450 | D:1      | 1450 ||| CASTING Summon Small Mammal
  1451 | D:1      | 1451 ||| CASTING Summon Small Mammal
  1452 | D:1      | 1452 ||| CASTING Summon Small Mammal
  1453 | D:1      | 1453 ||| CASTING Summon Small Mammal
  1496 | D:1      | 1496 ||| CASTING Summon Small Mammal
  1497 | D:1      | 1497 ||| CASTING Summon Small Mammal
  1498 | D:1      | 1498 ||| CASTING Summon Small Mammal
  1499 | D:1      | 1499 ||| CASTING Summon Small Mammal
  1559 | D:1      | 1559 ||| UPGRADING to +0 leather armour.
  1569 | D:1      | 1569 ||| DROPPING +0 robe.
  1570 | D:1      | 1570 ||| READING scroll labelled WUEJOU APSU.
  1571 | D:1      | 1571 ||| READING 3 scrolls labelled OFEAPN JUANOUSS.
  1572 | D:1      | 1572 ||| READING scroll labelled GEKKUA DORCHOZXA.
  1573 | D:1      | 1573 ||| DRINKING 3 fuming orange potions.
  1574 | D:1      | 1574 ||| DROPPING potion of magic.
  1575 | D:1      | 1575 ||| DROPPING 2 scrolls of immolation.
  1588 | D:2      | 1588 ||| CASTING Summon Small Mammal
  1591 | D:2      | 1591 ||| STAIRDANCE
  1605 | D:2      | 1605 ||| CASTING Summon Small Mammal
  1606 | D:2      | 1606 ||| CASTING Summon Small Mammal
  1607 | D:2      | 1607 ||| CASTING Summon Small Mammal
  1608 | D:2      | 1608 ||| CASTING Summon Small Mammal
  1666 | D:2      | 1666 ||| CASTING Summon Small Mammal
  1667 | D:2      | 1667 ||| CASTING Summon Small Mammal
  1668 | D:2      | 1668 ||| CASTING Summon Small Mammal
  1669 | D:2      | 1669 ||| CASTING Summon Small Mammal
  1686 | D:2      | HP: 4/28 [worm (7)]
  1723 | D:2      | 1723 ||| CASTING Summon Small Mammal
  1724 | D:2      | 1724 ||| CASTING Summon Small Mammal
  1725 | D:2      | 1725 ||| Stepping ~*~*~tactically~*~*~ (stealth).
  1729 | D:2      | HP: 7/29 [constriction (1)]
  1733 | D:2      | HP: 2/29 [adder (2)]
  1735 | D:2      | Slain by a ball python

Levels and vault maps discovered:
D:1:      lightli_arrival_flooded_house, layout_loops_ring,
          dreamdust_ecumenical_altar_sealed_demon
D:2:      layout_rooms, basic_altar, minmay_misc_feat_more_columns

Skill      XL: |  1  2  3 |
---------------+----------+-----
Axes           | 1 2 |  2.0
Fighting       | 1 2 |  2.1
Dodging        | |  1.7
Stealth        | |  2.1
Spellcasting   | |  1.7
Summonings     | |  3.6

Action                   || total
-------------------------++-------
Melee: Rapier            ||    38
       Hand axe          ||    32
       Punch             ||     1
Throw: Boomerang         ||     9
 Cast: Summon Small Mamm ||    63
  Use: Scroll            ||     3
       Potion            ||     1
 Stab: Sleeping          ||     1
Armor: Robe              ||     5
       Leather armour    ||     6
Dodge: Dodged            ||    60

Table legend:
 A = Non-vault XP
 B = Vault XP
 C = Vault XP percentage of total XP
 D = Non-vault monster count
 E = Vault monster count
 F = Vault count percentage of total count
                 A         B        C        D         E       F
            +---------+---------+-------+---------+---------+-------
      Total |      66 |       0 |   0.0 |      29 |       0 |   0.0
            +---------+---------+-------+---------+---------+-------
        D:1 |      42 |       0 |   0.0 |      24 |       0 |   0.0
        D:2 |      24 |       0 |   0.0 |       5 |       0 |   0.0
            +---------+---------+-------+---------+---------+-------
